 Dungeon Crawl Stone Soup version 0.28-a0-1447-ga5a8893891 (webtiles) character file.

Game seed: 16695930029811917760

42 oldriver the Skirmisher (level 3, -5/30 HPs)
             Began as a Formicid Chaos Knight on Jan 11, 2022.
             Was a Plaything of Xom.
             Killed from afar by a white imp (10 damage)
             ... with a puff of frost
             ... summoned by Xom
             ... on level 2 of the Dungeon.
             The game lasted 00:01:30 (1163 turns).

oldriver the Skirmisher (Formicid Chaos Knight)     Turns: 1163, Time: 00:01:30

Health: -5/30      AC:  6    Str: 18      XL:     3   Next: 80%
Magic:  3/3        EV: 11    Int: 11      God:    Xom [....*.]
Gold:   78         SH:  0    Dex:  9 (10) Spells: 2/2 levels left

rFire   . . .      SeeInvis +   a - +0 hand axe (chaos)
rCold   . . .      Faith    .   (no shield)
rNeg    . . .      Spirit   .   b - +2 leather armour
rPois   .          Reflect  .   (helmet unavailable)
rElec   .          Harm     .   (no cloak)
rCorr   .          Rampage  .   c - +0 pair of gloves
Will    .....                   (no boots)
Stlth   +.........              (no amulet)
HPRegen 0.10/turn               (no ring)
MPRegen 0.08/turn               (no ring)

@: no status effects
A: permanent stasis, dig shafts and tunnels, antennae 3, four strong arms
a: Dig, Shaft Self, Renounce Religion


You were on level 2 of the Dungeon.
You worshipped Xom.
You were a beloved toy of Xom.
You visited 1 branch of the dungeon, and saw 2 of its levels.

You collected 78 gold pieces.

Inventory:

Hand Weapons
 a - a +0 hand axe of chaos (weapon)
Armour
 b - a +2 leather armour (worn)
 c - a +0 pair of gloves (worn)
 e - a +0 chain mail
Scrolls
 d - 2 scrolls of teleportation {unknown}


   Skills:
 + Level 3.8 Fighting
 + Level 3.5 Axes
 + Level 3.0 Armour
 - Level 1.0 Dodging


You had 2 spell levels left.
You didn't know any spells.
Your spell library was empty.

Dungeon Overview and Level Annotations

Branches:
Dungeon (2/15)

Altars:


Innate Abilities, Weirdness & Mutations

You cannot be hasted, slowed, berserked, paralysed or teleported.
You can dig through walls and to a lower floor.
You have a pair of large antennae on your head. (SInv)
Your four strong arms can wield two-handed weapons with a shield.


Message History

The quasit closely misses you.
The quasit claws you but does no damage.
The quasit bites you but does no damage.
The quasit claws you but does no damage.
The quasit claws you.
The quasit bites you but does no damage.
The quasit closely misses you. The quasit barely misses you.
The quasit bites you but does no damage.
The quasit barely misses you. x2
You open the door.
A giant cockroach comes into view.
The endoplasm closely misses you. The quasit barely misses you.
The quasit completely misses you. The quasit barely misses you.
You slash the giant cockroach! You freeze the giant cockroach.
You kill the giant cockroach!
You barely miss the quasit. You hit the endoplasm but do no damage.
The quasit closely misses you. The quasit claws you. x2
You feel clumsy. The endoplasm hits you.
* * * LOW HITPOINT WARNING * * *
The quasit misses you. The quasit closely misses you.
The quasit claws you but does no damage.
There is an open door here.
You see here a giant cockroach corpse.
The quasit disappears in a puff of smoke!
You barely miss the endoplasm.
The endoplasm hits you but does no damage.
You hit the endoplasm.
The endoplasm is moderately wounded.
The endoplasm freezes you.
You are frozen.
* * * LOW HITPOINT WARNING * * *
The endoplasm freezes you.
You are frozen.
* * * LOW HITPOINT WARNING * * *
You slash the endoplasm! You freeze the endoplasm.
You kill the endoplasm!
The white imp gestures at you. The puff of frost hits you!
You die...

...............###
..##############
.##
..##############
...............###
...............†.#
#..............#5#
################.#
#@# #.# { ..# ####


You could see a white imp (summoned, agile).

Vanquished Creatures
  2 adders (D:2)
  A dart slug (D:1)
  2 ball pythons (D:1)
  3 bats (D:1)
  2 endoplasms
  A giant cockroach (D:2)
  3 goblins (D:1)
  3 hobgoblins (D:1)
  4 frilled lizards (D:1)
  A kobold (D:1)
  A rat (D:2)
23 creatures vanquished.

Notes
Turn   | Place    | Note
-------+----------+-------------------------------------------
     0 | D:1      | oldriver the Formicid Chaos Knight began the quest for the
                  | Orb.
     0 | D:1      | Reached XP level 1. HP: 18/18 MP: 1/1
    28 | D:1      | XOM: silly message
    40 | D:1      | Reached skill level 1 in Dodging
    73 | D:1      | XOM: silly message
   179 | D:1      | Reached XP level 2. HP: 21/24 MP: 2/2
   242 | D:1      | XOM: silly message
   398 | D:1      | Found a faded altar of an unknown god.
   596 | D:1      | XOM: silly message
   714 | D:1      | XOM: enchant monster (good)
   717 | D:1      | Reached XP level 3. HP: 29/29 MP: 3/3
  1130 | D:2      | XOM: summons 2 hostile demons
  1133 | D:2      | XOM: smoke on damage
  1163 | D:2      | Killed from afar by a white imp

Illustrated notes

Levels and vault maps discovered:
D:1:      evilmike_arrival_crescent, layout_loops_ring,
          dilly_ecumenical_altar_fadedgnrine
D:2:      layout_loops_corners, basic_altar, nrook_uturn, uniq_robin

Skill      XL: |  1  2  3 |
---------------+----------+-----
Dodging        | 1 |  1.0
Armour         | 3 |  3.0
Fighting       | |  3.8
Axes           | |  3.5

Action                   || total
-------------------------++-------
Melee: Hand axe          ||    60
 Stab: Paralysed         ||     2
Armor: Leather armour    ||    32
Dodge: Dodged            ||    59

Table legend: (Time is in decaauts)
 A = Elapsed time spent in this place.
 B = Non-inter-level travel time spent in this place.
 C = Inter-level travel time spent in this place.
 D = Time resting spent in this place.
 E = Time spent auto-exploring this place.
 F = Levels seen in this place.
 G = Mean time per level.
                   A        B        C        D        E       F      G
               +--------+--------+--------+--------+--------+-----+--------+
         Total |   1171 |   1171 |      0 |      0 |    937 |   2 |  585.5 |
       Dungeon |   1171 |   1171 |      0 |      0 |    937 |   2 |  585.5 |
               +--------+--------+--------+--------+--------+-----+--------+

Top non-repeatable levels by time:
     D:1: 937 daAuts
     D:2: 233 daAuts
